 Dungeon Crawl Stone Soup version 0.32-a0-516-g94ed278cf8 (webtiles) character file.

Game seed: 14310347981925365043

860 baljet the Ruffian (level 7, -5/71 HPs)
             Began as a Troll Shapeshifter on Feb 27, 2024.
             Was a Follower of Wu Jian.
             Slain by a gnoll sergeant
             ... wielding a +0 spear
              (9 damage)
             ... on level 6 of the Dungeon.
             The game lasted 00:08:53 (4098 turns).

baljet the Ruffian (Troll Shapeshifter)             Turns: 4098, Time: 00:08:53

Health: -5/71      AC:  4    Str: 25    XL:     7   Next: 71%
Magic:  6/6        EV:  9    Int:  6    God:    Wu Jian [*.....]
Gold:   263        SH:  0    Dex:  9    Spells: 6/6 levels left

rFire   . .          .
                       - Unarmed
rCold   . . .        (no shield)
rNeg    . . .        a - +0 animal skin
rPois   .            (helmet currently unavailable)
rElec   .            (cloak currently unavailable)
rCorr   .            (gloves unavailable)
SInv    .            (boots unavailable)
Will    .....        (no amulet)
Stlth   +            (no ring)
HPRegen 1.11/turn    (no ring)
MPRegen 0.10/turn

%: no passive effects
@: beast-form
A: beast (slay +2), large, unfitting armour, claws 3, regeneration 1, shaggy fur
1, tough skin 1
a: Begin Untransformation, Renounce Religion


You were on level 6 of the Dungeon.
You worshipped Wu Jian.
Wu Jian was aware of your devotion.
You were a hulking beast.
You visited 2 branches of the dungeon, and saw 7 of its levels.

You collected 263 gold pieces.

Inventory:

Missiles
 e - 41 stones
 f - 6 curare-tipped darts
 n - 10 boomerangs
 q - 17 poisoned darts (quivered)
 v - 2 large rocks
Armour
 a - a +0 animal skin (worn)
 l - a +1 cloak
Jewellery
 g - a ring of positive energy
 o - an amulet of regeneration
Talismans
 c - a beast talisman (active)
 d - a flux talisman
 j - a serpent talisman
Wands
 m - a wand of flame (14)
Scrolls
 h - 2 scrolls of identify
 w - a scroll of amnesia
Potions
 b - 2 potions of lignification
 i - 2 potions of berserk rage
 k - a potion of magic
 p - a potion of cancellation
 r - 3 potions of curing
 u - 2 potions of might


   Skills:
 * Level 4.5 Fighting
 - Level 1.5 Dodging
 * Level 6.3 Unarmed Combat
 + Level 4.6 Shapeshifting


You had 6 spell levels left.
You didn't know any spells.
Your spell library contained the following spells:

 Spells                   Type           Power      Damage    Failure   Level
 Apportation              Tloc           0%         N/A       45%         1
 Necrotise                Necr           0%         1d4       45%         1
 Sting                    Conj/Alch      0%         1d3       45%         1
 Summon Small Mammal      Summ           0%         N/A       45%         1
 Cigotuvi's Dreadful Rot  Necr/Alch/Air  0%         N/A       58%         2
 Lesser Beckoning         Tloc           0%         N/A       58%         2
 Gell's Gravitas          Tloc           0%         N/A       83%         3
 Teleport Other           Tloc           0%         N/A       83%         3
 Tukima's Dance           Hex            0%         N/A       83%         3
 Dimensional Bullseye     Hex/Tloc       0%         N/A       99%         4
 Ignite Poison            Fire/Alch      0%         N/A       99%         4
 Iskenderun's Mystic Bla  Conj/Tloc      0%         2d3       99%         4
 Freezing Cloud           Conj/Ice/Air   0%         6-21      100%        5


Dungeon Overview and Level Annotations

Branches:
Dungeon (6/15)             Temple (1/1) D:4

Altars:
Ashenzari
Cheibriados
Dithmenos
Elyvilon
Fedhas
Gozag
Hepliaklqana
Kikubaaqudgha
Makhleb
Nemelex Xobeh
Okawaru
Qazlal
Ru
Sif Muna
Trog
Uskayaw
Wu Jian
Xom
The Shining One


Innate Abilities, Weirdness & Mutations

You are a hulking beast.
Your limbs bulge with bestial killing power. (Slay +2)
You are too large for most types of armour.
You have claws for hands.
Your natural rate of healing is unusually fast.
You are covered in fur. (AC +1)
You have tough skin. (AC +1)


Message History

Found a runed dagger.
The orc shouts!
A gnoll sergeant comes into view. It is wielding a +0 spear.
An orc priest comes into view. It is wielding a +0 hand axe.
The orc priest shouts!
The gnoll sergeant shouts!
You hear a shout!
The orc priest moves out of view.
You hear a shout!
You mangle the orc!!
You kill the orc!
The Council accepts your kill.
You can now lightly attack monsters by moving around them.
You claw the orc priest!
The orc priest is heavily wounded.
A gnoll comes into view. It is wielding a +0 club.
An orc comes into view. It is wielding a +0 war axe.
The orc priest invokes the aid of Beogh against you.
Pain shoots through your body!
You barely miss the orc priest.
The orc priest is heavily wounded.
The gnoll shouts!
You hear a shout!
The gnoll sergeant hits you from afar with a +0 spear!
The orc priest calls down the wrath of Beogh upon you.
Beogh smites you!
The orc priest hits you with a +0 morningstar.
A gnoll comes into view. It is wielding a +0 spear.
The gnoll sergeant hits you from afar with a +0 spear!
A gnoll comes into view. It is wielding a +0 flail.
The orc priest mumbles some strange prayers to Beogh against you.
Pain shoots through your body!
The orc priest mumbles some strange prayers to Beogh against you.
Beogh smites you!
* * * LOW HITPOINT WARNING * * *
The gnoll sergeant attacks as it pursues you!
The gnoll sergeant hits you from afar with a +0 spear!
* * * LOW HITPOINT WARNING * * *
The gnoll sergeant hits you from afar with a +0 spear!
* * * LOW HITPOINT WARNING * * *
There is an escape hatch in the floor here.
The gnoll sergeant hits you from afar with a +0 spear!
You die...

#........
##.)#.#g#.
##gg.......
###.o#.#)#.#.
##..g.#.......
#...#...#.#.#.
##.g####.......
#.o.# ####.##
#.h.# .#
##...####.
##.........
##)...######
##....##
#<###.# ### ###


You could see a gnoll sergeant, an orc priest, 3 gnolls and an orc.

Vanquished Creatures
  A water moccasin (D:5)
  An ice beast (D:5)
  A centaur (D:5)
  3 scorpions
  A bombardier beetle (D:5)
  2 hounds (D:5)
  An orc priest (D:4)
  Jessica (D:3)
  An orc wizard (D:4)
  A sleepcap (D:3)
  A gnoll (D:6)
  10 adders
  A white imp (D:5)
  3 dart slugs
  2 ribbon worms
  13 orcs
  10 ball pythons
  6 endoplasms (D:1)
  A giant cockroach (D:1)
  4 goblins
  10 hobgoblins
  4 jackals
  9 kobolds
  4 quokkas
  6 bats
  A frilled lizard (D:3)
  3 rats
101 creatures vanquished.

Notes
Turn   | Place    | Note
-------+----------+-------------------------------------------
     0 | D:1      | baljet the Troll Shapeshifter began the quest for the Orb.
     0 | D:1      | Reached XP level 1. HP: 18/18 MP: 0/0
    53 | D:1      | Reached skill level 1 in Fighting
   155 | D:1      | Reached XP level 2. HP: 27/27 MP: 1/1
   618 | D:1      | Reached XP level 3. HP: 33/33 MP: 2/2
   940 | D:2      | You fall into a shaft and drop 1 floor!
  1433 | D:2      | Reached XP level 4. HP: 35/42 MP: 3/3
  2070 | D:3      | Reached skill level 4 in Unarmed Combat
  2284 | D:3      | Noticed Jessica
  2285 | D:3      | Killed Jessica
  2320 | D:3      | Reached XP level 5. HP: 50/50 MP: 4/4
  2543 | D:4      | Found a faded altar of an unknown god.
  2969 | D:4      | Reached XP level 6. HP: 31/61 MP: 5/5
  3004 | D:4      | Reached skill level 5 in Unarmed Combat
  3160 | D:4      | Found a staircase to the Ecumenical Temple.
  3167 | Temple   | Entered the Ecumenical Temple
  3180 | Temple   | Became a worshipper of the Wu Jian Council
  3234 | D:5      | Entered Level 5 of the Dungeon
  3311 | D:5      | Noticed a water moccasin
  3330 | D:5      | Killed a water moccasin
  3448 | D:5      | Noticed an ice beast
  3465 | D:5      | Killed an ice beast
  3466 | D:5      | Reached XP level 7. HP: 59/70 MP: 6/6
  3716 | D:5      | Reached skill level 6 in Unarmed Combat
  3853 | D:5      | Found a burning altar of Makhleb.
  3858 | D:5      | Found a blossoming altar of Fedhas.
  4086 | D:6      | Reached * piety under Wu Jian
  4096 | D:6      | HP: 2/71 [gnoll sergeant/+0 spear (8)]
  4098 | D:6      | Slain by a gnoll sergeant

Illustrated notes

Levels and vault maps discovered:
D:1:      dpeg_arrival_simpleton_a, layout_loops_corners, minmay_tetromino_i4
D:2:      layout_basic, dreamdust_princess_corridor
D:3:      layout_loops_ring, uniq_jessica
D:4:      layout_cave_pools, minmay_temple_entry_nine_rooms,
          serial_column_ruins, column_ruins_temple_circle,
          column_ruins_square_small, column_ruins_corridor_dead_end,
          column_ruins_columns_dead_end, column_ruins_open_tiny,
          column_ruins_grid_1, column_ruins_open_tiny, column_ruins_grid_3,
          patterned_corridor
D:5:      layout_loops_ring, jmf_multi_god_temple2, dk_noncrumbling_3,
          st_stairs_3
D:6:      layout_layer_cave, nicolae_yredelemnul_corpse_copse, serial_glass,
          glass_columns_a, glass_columns_b, glass_columns_c, glass_columns_a,
          glass_columns_a, glass_columns_a, glass_columns_a, glass_columns_a,
          glass_columns_a, glass_columns_c, glass_columns_a, glass_columns_b,
          glass_columns_b, glass_columns_c
Temple:   minmay_crystal_spiral_temple

Skill      XL: |  1  2  3  4  5  6  7 |
---------------+----------------------+-----
Fighting       | 1 2 3 4 |  4.5
Unarmed Combat | 4 5 6 |  6.3
Shapeshifting  | 4 |  4.6
Dodging        | |  1.5

Action                     |  1- 3 |  4- 6 |  7- 9 || total
---------------------------+-------+-------+-------++-------
  Melee: Unarmed           |    81 |   107 |    37 ||   225
         Punch             |       |     5 |     1 ||     6
  Throw: Dart              |       |       |     3 ||     3
Ability: Lunge             |       |     1 |     3 ||     4
    Use: Scroll            |       |     8 |     4 ||    12
         Potion            |       |     2 |       ||     2
   Stab: Sleeping          |     1 |       |       ||     1
 Armour: Animal skin       |    51 |    78 |    34 ||   163
  Dodge: Dodged            |    24 |    44 |    17 ||    85
         Repelled          |       |     1 |     1 ||     2

Table legend: (Time is in decaauts)
 A = Elapsed time spent in this place.
 B = Non-inter-level travel time spent in this place.
 C = Inter-level travel time spent in this place.
 D = Time resting spent in this place.
 E = Time spent auto-exploring this place.
 F = Levels seen in this place.
 G = Mean time per level.
                   A        B        C        D        E       F      G
               +--------+--------+--------+--------+--------+-----+--------+
         Total |   4081 |   3830 |    251 |     81 |   3102 |   7 |  583.0 |
       Dungeon |   4054 |   3829 |    225 |     81 |   3102 |   6 |  675.7 |
        Temple |     26 |      1 |     25 |      0 |      0 |   1 |   26.0 |
               +--------+--------+--------+--------+--------+-----+--------+

Top non-repeatable levels by time:
     D:1: 913 daAuts
     D:2: 845 daAuts
     D:5: 787 daAuts
     D:3: 746 daAuts
     D:4: 708 daAuts
     D:6: 52 daAuts
  Temple: 26 daAuts
